 Dungeon Crawl Stone Soup version 0.21.0-3-g78d12a8 (webtiles) character file.

3415 HungrySpirit the Jinx (level 9, -16/47 (48) HPs)
             Began as a Deep Elf Artificer on Jan 8, 2018.
             Was an Initiate of Vehumet.
             Demolished by a two-headed ogre
             ... wielding a +0 giant spiked club
              (17 damage)
             ... on level 9 of the Dungeon.
             The game lasted 00:18:35 (9582 turns).

HungrySpirit the Jinx (Deep Elf Artificer)          Turns: 9582, Time: 00:18:37

HP:   -16/47 (48)   AC:  6    Str:  9    XL:     9   Next: 76%
MP:   31/31         EV: 17    Int: 20    God:    Vehumet [......]
Gold: 318           SH:  0    Dex: 15    Spells: 20/23 levels left

rFire    + . .     SeeInvis .   y - +1 rapier of Zin {freeze, rPois rF+}
rCold    . . .     Gourm    .   (no shield)
rNeg     . . .     Faith    .   C - +1 robe {MR+}
rPois    +         Spirit   .   (no helmet)
rElec    .         Reflect  .   w - +2 cloak
rCorr    .         Harm     .   (no gloves)
MR       +....                  (no boots)
Stlth    ++........             (no amulet)
HPRegen  0.15/turn              G - ring of wizardry
MPRegen  0.22/turn              D - ring of magical power

@: about to teleport
A: no striking features
a: Renounce Religion


You were on level 9 of the Dungeon.
You worshipped Vehumet.
Vehumet was noncommittal.
You were not hungry.

You visited 2 branches of the dungeon, and saw 10 of its levels.

You collected 318 gold pieces.

Inventory:

Hand Weapons
 i - a +1 dagger of protection
 y - the +1 rapier of Zin (weapon) {freeze, rPois rF+}
   (You found it on level 4 of the Dungeon)

   It has been specially enchanted to freeze those struck by it, causing extra
   injury to most foes and up to half again as much damage against particularly
   susceptible opponents.
   It can also slow down cold-blooded creatures.
   It protects you from fire.
   It protects you from poison.
Missiles
 b - 2 throwing nets (quivered)
Armour
 w - a +2 cloak (worn)
 C - a +1 robe of magic resistance (worn)
Jewellery
 m - an uncursed ring of flight
 B - a +3 ring of dexterity
 D - a ring of magical power (right hand)
 G - a ring of wizardry (left hand)
Wands
 c - a wand of flame (33)
 d - a wand of enslavement (5)
 e - a wand of random effects (4)
 H - a wand of disintegration (2)
Scrolls
 g - 3 scrolls of identify
 j - 4 scrolls of amnesia
 k - 3 scrolls of teleportation
 l - 4 scrolls of enchant armour {unknown}
 n - a scroll of enchant weapon {unknown}
 o - a scroll of fear {unknown}
 p - 3 scrolls of remove curse {unknown}
 q - 2 scrolls of blinking {unknown}
 r - 5 scrolls of fog {unknown}
 t - 2 scrolls of immolation {unknown}
Potions
 h - a potion of ambrosia {unknown}
 u - 3 potions of haste {unknown}
 v - 2 potions of degeneration {unknown}
 x - 2 potions of brilliance
 z - a potion of curing {unknown}
 A - a potion of magic {unknown}
 E - 2 potions of agility
Books
 s - a book of Misfortune

   Spells                             Type                      Level
   a - Confusing Touch                Hexes                        1
   b - Confuse                        Hexes                        3
   c - Gell's Gravitas                Translocation                3
   d - Petrify                        Transmutation/Earth          4
   e - Metabolic Englaciation         Hexes/Ice                    5
   f - Yara's Violent Unravelling     Hexes/Transmutation          5
Comestibles
 a - 3 chunks of flesh
 f - 18 rations


   Skills:
 - Level 2.1 Fighting
 + Level 7.3 Short Blades
 + Level 8.2 Dodging
 - Level 1.2 Stealth
 + Level 7.5 Spellcasting
 + Level 9.6 Hexes
 - Level 3.2 Evocations


You had 20 spell levels left.
You knew the following spells:

 Your Spells              Type           Power        Failure   Level  Hunger
a - Confuse               Hex            #####...     1%          3    None


Dungeon Overview and Level Annotations

Branches:
Dungeon (9/15)             Temple (1/1) D:4
   Lair: D:8-11         Orc: D:9-12

Altars:
Ashenzari
Cheibriados
Dithmenos
Elyvilon
Fedhas
Gozag
Hepliaklqana
Kikubaaqudgha
Makhleb
Nemelex Xobeh
Okawaru
Qazlal
Ru
Sif Muna
Trog
Uskayaw
Vehumet
Wu Jian
Xom
Yredelemnul
Zin
The Shining One

Shops:
D:7 (


Message History

The two-headed ogre hits you with a giant spiked club!!
Ouch! That really hurt!
* * * LOW HITPOINT WARNING * * *
The centaur shoots an arrow.
The arrow hits you.
* * * LOW HITPOINT WARNING * * *
The jackal closely misses you.
You hear a bark!
There is a stone staircase leading up here.
You see here an arrow.
The jackal bites you but does no damage. 2 jackals come into view.
As you read the scroll labeled XOISAS BOWOZ, it crumbles to dust.
You feel strangely unstable.
It was a scroll of teleportation.
The jackal closely misses you.
The orc wizard casts a spell.
The orc wizard seems to speed up.
The two-headed ogre hits you with a giant spiked club.
* * * LOW HITPOINT WARNING * * *
The two-headed ogre hits you with a giant spiked club!
You die...

.........#
.........#
...o.....#
.........#
.........#
.......(.#
...h...hc#
........O#
.....h.h@#
.........#
.........#
.........#
.........#
........#
........#
........#


You could see a two-headed ogre, a centaur, an orc wizard and 4 jackals.

Vanquished Creatures
  A two-headed ogre (D:8)
  Pikel (D:6)
  A hippogriff (D:7)
  Sigmund (D:6)
  3 steam dragons (D:7)
  An orc warrior (D:6)
  The ghost of tsouns the Chopper, an amateur MiBe of Trog (D:3)
  A sky beast (D:5)
  2 ogres
  A necrophage (D:8)
  2 centaurs (D:7)
  A big kobold (D:8)
  A wyvern skeleton (D:6)
  2 scorpions
  3 crimson imps
  5 hounds
  A centaur zombie (D:8)
  3 orc priests
  An iguana (D:4)
  3 orc wizards
  2 worker ants (D:4)
  A hound skeleton (D:4)
  3 gnolls
  A howler monkey skeleton (D:7)
  11 adders
  A shadow imp (D:7)
  2 adder skeletons
  5 worms
  A dart slug (D:4)
  5 leopard geckos
  9 orcs
  7 bats
  10 giant cockroaches
  5 goblins
  9 hobgoblins
  5 jackals
  2 quokkas
  7 frilled lizards
  7 kobolds
  7 rats
135 creatures vanquished.

Vanquished Creatures (collateral kills)
  An iguana (D:6)
  4 orcs
  A jackal (D:6)
  A jackal skeleton (D:6)
7 creatures vanquished.

Vanquished Creatures (others)
  A bullfrog skeleton (D:6)
  An iguana (D:6)
  2 gnolls (D:6)
  An adder (D:2)
  A worm (D:6)
6 creatures vanquished.

Grand Total: 148 creatures vanquished

Notes
Turn   | Place    | Note
-------+----------+-------------------------------------------
     0 | D:1      | HungrySpirit the Deep Elf Artificer began the quest for the Orb.
     0 | D:1      | Reached XP level 1. HP: 11/11 MP: 5/5
   318 | D:1      | Reached skill level 1 in Fighting
   404 | D:1      | Reached XP level 2. HP: 5/16 MP: 6/6
  1517 | D:2      | Reached XP level 3. HP: 10/20 MP: 7/7
  2052 | D:2      | Found a blossoming altar of Fedhas.
  2204 | D:2      | Reached XP level 4. HP: 8/25 MP: 8/8
  3522 | D:3      | Found a bloodstained altar of Trog.
  3598 | D:3      | Found a white marble altar of Elyvilon.
  3826 | D:3      | Noticed tsouns's ghost (amateur MiBe)
  3832 | D:3      | Killed tsouns's ghost
  3832 | D:3      | Reached XP level 5. HP: 30/30 MP: 9/9
  4442 | D:4      | Reached skill level 1 in Spellcasting
  4442 | D:4      | Reached XP level 6. HP: 35/35 MP: 10/10
  5215 | D:4      | Got an ivory rapier
  5221 | D:4      | Learned a level 3 spell: Confuse
  5221 | D:4      | Identified the +1 rapier of Zin {freeze, rPois rF+} (You found it on level 4 of the Dungeon)
  5401 | D:4      | Reached skill level 1 in Hexes
  5589 | D:4      | Reached skill level 2 in Hexes
  5620 | D:4      | Found a staircase to the Ecumenical Temple.
  5690 | Temple   | Entered the Ecumenical Temple
  5865 | D:5      | Entered Level 5 of the Dungeon
  6021 | D:5      | Found a snail-covered altar of Cheibriados.
  6156 | D:5      | Found an iron altar of Okawaru.
  6186 | D:5      | Reached XP level 7. HP: 40/40 MP: 13/13
  6204 | D:5      | Reached skill level 5 in Short Blades
  6283 | D:5      | Reached skill level 5 in Dodging
  6403 | D:6      | Noticed Sigmund
  6409 | D:5      | Reached skill level 3 in Hexes
  6662 | D:6      | Killed Sigmund
  6662 | D:6      | Reached skill level 4 in Hexes
  6692 | D:6      | Reached skill level 5 in Hexes
  6734 | D:6      | Reached XP level 8. HP: 19/44 MP: 16/16
  6939 | D:6      | Noticed Pikel
  6959 | D:6      | Killed Pikel
  6959 | D:6      | Reached skill level 5 in Spellcasting
  6959 | D:6      | Reached skill level 6 in Hexes
  7374 | D:6      | Found a glowing silver altar of Zin.
  7600 | D:7      | Noticed a hippogriff
  7601 | D:7      | Reached skill level 7 in Hexes
  7605 | D:7      | Found an ancient bone altar of Kikubaaqudgha.
  7611 | D:7      | Killed a hippogriff
  7876 | D:7      | Reached XP level 9. HP: 46/48 MP: 16/19
  7892 | D:7      | Reached skill level 8 in Hexes
  8089 | D:7      | Found Zaji's Antique Weapon Shop.
  8284 | D:8      | Found a radiant altar of Vehumet.
  8294 | D:8      | Became a worshipper of Vehumet
  8433 | D:8      | Found a stormy altar of Qazlal.
  8461 | D:8      | Noticed a two-headed ogre
  8560 | D:8      | Found an ornate altar of the Wu Jian Council.
  8984 | D:8      | Reached skill level 9 in Hexes
  9298 | D:8      | Noticed a two-headed ogre
  9301 | D:8      | Killed a two-headed ogre
  9572 | D:9      | Noticed a two-headed ogre
  9582 | D:9      | HP: 1/47 [two-headed ogre/giant spiked club (6)]
  9582 | D:9      | Demolished by a two-headed ogre

Skill      XL: |  1  2  3  4  5  6  7  8  9 |
---------------+----------------------------+-----
Fighting       | 1 2 |  2.1
Short Blades   | 2 3 4 5 6 7 |  7.3
Dodging        | 3 4 5 6 8 |  8.2
Spellcasting   | 1 2 4 5 7 |  7.5
Hexes          | 2 5 7 9 |  9.6
Stealth        | |  1.2
Evocations     | |  3.2

Action                   |  1- 3 |  4- 6 |  7- 9 || total
-------------------------+-------+-------+-------++-------
Melee: Short sword       |    62 |       |       ||    62
       Dagger            |   125 |   258 |       ||   383
       Rapier            |       |    69 |   218 ||   287
 Cast: Confuse           |       |       |    25 ||    25
Evoke: Wand              |    14 |    13 |    27 ||    54
  Use: Potion            |       |     2 |     2 ||     4
       Scroll            |       |     3 |     2 ||     5
 Stab: Sleeping          |     3 |     1 |     3 ||     7
       Paralysed         |       |     4 |     1 ||     5
       Confused          |       |       |    15 ||    15
  Eat: Chunk             |     4 |    13 |     8 ||    25
       Ration            |       |       |     1 ||     1
Armor: Leather armour    |    51 |    80 |    17 ||   148
       Robe              |       |       |    19 ||    19
Dodge: Dodged            |    84 |   188 |   134 ||   406
